AoeStats
← Comend x comend

Nomad

510235164Analyzed
4v4 RM · 17h ago on Sep 30, 2026· 53m 46s· 8 players
Game mode
Random Map
Map size
231×231
Population
200
Speed
Normal
Resources
Standard
Victory
Conquest
Starting age
Dark Age
Ending age
Imperial Age
RankedLock teamsTeams togetherTeam positionsShared explorationLock speedFull tech treeHidden civsTurbo modeCheats
Victory
Defeat
🇵🇪 Lithuanians · Peru
1411
+14
🇺🇸 Spanish · United States
1353
+17
🇦🇷 Koreans · Argentina
1338
+17
🇨🇳 Cumans · China
1290
+20
🇧🇴 Vietnamese · Bolivia
1396
-18
🇨🇳 Turks · China
1369
-17
🇬🇧 Varangians · United Kingdom
1360
-17
🇨🇴 Persians · Colombia
1336
-16
wagwan_son
4:38 Loom
13:06 Feudal Age
16:49 Castle Age
19:40 Fletching
20:22 Bodkin Arrow
20:46 Double-Bit Axe
24:10 Gold Mining
29:27 Wheelbarrow
29:08 Scale Barding Armor
29:17 Forging
30:20 Horse Collar
31:44 Iron Casting
31:29 Heavy Plow
32:26 Chain Barding Armor
34:23 Hand Cart
42:30 Imperial Age
45:12 Stone Mining
ACI ShaN
11:26 Feudal Age
17:49 Castle Age
16:46 Padded Archer Armor
18:32 Medium Warships
18:22 Double-Bit Axe
21:35 Bow Saw
21:58 Fishing Lines
22:26 Loom
24:02 Horse Collar
24:54 Gillnets
26:25 Wheelbarrow
26:39 Gold Mining
27:13 Hand Cart
27:04 Heavy Plow
31:19 Gold Shaft Mining
30:34 Stone Mining
30:52 Scale Barding Armor
30:58 Forging
33:47 Imperial Age
32:32 Husbandry
32:42 Bloodlines
32:51 Bloodlines
36:14 Chemistry
35:36 Chain Barding Armor
35:52 Iron Casting
35:10 Cavalier
39:04 Savar
41:29 Stone Shaft Mining
41:58 Plate Barding Armor
42:24 Blast Furnace
Eiiisckhan
5:17 Loom
14:04 Feudal Age
18:49 Castle Age
19:44 Wheelbarrow
20:19 Medium Warships
28:49 Horse Collar
30:16 Double-Bit Axe
30:33 Heavy Plow
42:20 Imperial Age
40:15 Hand Cart
39:46 Town Watch
41:15 Padded Archer Armor
41:06 Fletching
42:22 Capped Ram
45:39 Bodkin Arrow
GG LA LIFE KARIN
4:53 Loom
14:00 Feudal Age
15:08 Fishing Lines
18:02 Castle Age
17:18 Double-Bit Axe
19:19 Bow Saw
18:55 Horse Collar
19:08 Gillnets
21:08 Wheelbarrow
23:28 Heavy Plow
24:14 Hand Cart
24:41 Gold Mining
24:51 Town Watch
26:46 Stone Mining
30:21 Imperial Age
27:58 Scale Barding Armor
28:03 Forging
30:10 Fletching
30:44 Ballistics
30:48 Bodkin Arrow
32:15 Chemistry
31:47 Bracer
32:54 Two-Man Saw
32:28 Crop Rotation
33:50 Coinage
33:36 Padded Archer Armor
33:42 Siege Engineers
34:39 Leather Archer Armor
35:54 Banking
36:15 Ring Archer Armor
36:24 Chain Barding Armor
37:10 Masonry
38:23 Elite Rattan Archer
39:24 Paper Money
40:05 Hoardings
40:40 Plate Barding Armor
40:40 Iron Casting
40:54 Fortified Wall
40:39 Murder Holes
43:07 Thumb Ring
Comend x comend
7:59 Loom
12:18 Feudal Age
20:29 Castle Age
24:52 Horse Collar
27:26 Wheelbarrow
27:25 Heavy Plow
29:26 Double-Bit Axe
30:30 Gold Mining
31:00 Bow Saw
34:03 Imperial Age
32:16 Bloodlines
32:06 Husbandry
33:01 Husbandry
33:51 Forging
33:46 Scale Barding Armor
33:51 Forging
34:05 Scale Barding Armor
34:22 Cavalier
37:00 Iron Casting
36:46 Chain Barding Armor
39:24 Plate Barding Armor
40:20 Hand Cart
40:53 Crop Rotation
50:13 Paladin
Fs.Caboclo
5:07 Loom
15:34 Feudal Age
19:15 Castle Age
18:14 Double-Bit Axe
21:22 Bow Saw
31:21 Padded Archer Armor
32:26 Scale Barding Armor
32:41 Leather Archer Armor
34:45 Wheelbarrow
37:19 Imperial Age
35:50 Gold Mining
36:45 Hand Cart
38:25 Conscription
38:29 Horse Collar
40:40 Ring Archer Armor
40:19 Husbandry
40:30 Bloodlines
40:58 Scale Barding Armor
41:04 Forging
42:12 Pikeman
42:13 Pikeman
43:07 Elite Conquistador
45:08 Iron Casting
44:53 Chain Barding Armor
44:40 Cavalier
48:53 Blast Furnace
48:29 Plate Barding Armor
49:17 Light Cavalry
49:19 Paladin
49:45 Spies/Treason
50:43 Medium Warships
Mat
3:01 Loom
13:29 Feudal Age
14:14 Fishing Lines
14:24 Double-Bit Axe
18:39 Castle Age
16:43 Stone Mining
19:38 Wheelbarrow
20:30 Bow Saw
20:01 Horse Collar
20:58 Heavy Plow
22:11 Fletching
22:48 Hand Cart
23:12 Treadmill Crane
24:25 Ballistics
24:13 Bodkin Arrow
31:25 Imperial Age
28:58 Gold Mining
29:55 Squires
29:40 Arson
31:32 Scale Mail Armor
32:30 Chain Mail Armor
32:27 Forging
32:03 Elite Fire Lancer
34:59 Chemistry
34:05 Bracer
33:29 Crossbowman
34:12 Elite Skirmisher
35:37 Thumb Ring
38:43 Arrowslits
39:59 Eupseong
47:39 Conscription
47:48 Masonry
48:54 Siege Engineers
49:21 Architecture
52:22 Shipwright
52:34 Clinker Construction
53:10 Elite Turtle Ship
54:33 Carvel Hull
825889483
5:17 Loom
13:34 Feudal Age
16:57 Double-Bit Axe
19:47 Castle Age
21:42 Medium Warships
22:15 Forging
27:29 Iron Casting
27:46 Bloodlines
28:04 Horse Collar
30:03 Scale Barding Armor
31:05 Chain Barding Armor
35:01 Imperial Age
32:19 Capped Ram
33:53 Gold Mining
34:04 Light Cavalry
36:34 Plate Barding Armor
37:53 Cavalier
38:01 Elite Steppe Lancer
41:39 Blast Furnace
46:27 Siege Ram
48:57 Hussar
52:18 Heavy Warships
52:35 Conscription
Connection lost

Rejoining the realm…

Still unreachable

The connection could not be restored.

Session expired

The server has moved on; the page needs a fresh start.